cohdb
Replays
Latest Replays
All Replays
Popular Replays
Top Player Replays
Match Explorer
How It Works
Community
CoH3 Stats
Reddit
Sign in to upload your games and track your stats! →
Sign in with Steam
Match 42093121
Unlisted
Match 42093121
Overview
Messages
Build Orders
End
Construct Barracks
Selects Heavy Weapons
Engineer Squad
Riflemen Squad
1⁄4-ton 4x4 Truck
Grenade Package
Construct Weapon Support Center
M1919 Machine Gun Team
Selects M2HB .50cal Heavy Machine Gun
Mechanized Support Center
M1919 Machine Gun Team
M3 Armored Personnel Carrier
Selects Assault Carriers
Designate Forward Repair Station
Selects Exchangeable Parts
M3 Assault Carrier
M3 Assault Carrier
M3 Assault Carrier
M3 Assault Carrier
Designate Forward Repair Station
Selects Rapid Reposition
M1919 Machine Gun Team
Selects Bolstered Team Weapons
M1919 Machine Gun Team
Designate Forward Repair Station
Construct Tank Depot
Riflemen Squad
Riflemen Squad
M18 Hellcat Tank Destroyer
Selects Towed M5 3-inch Anti-tank Gun
Towed M5 3-inch Anti-tank Gun
[GG]Onkel Stonkel
[GG]Quiq
MrFrezze
TheVVitcher
0
0
Comments
sign in to comment!
No comments posted yet!